 Dungeon Crawl Stone Soup version 0.31-a0-40-g1d5085d191 (webtiles) character file.

Game seed: 15766610691975021326

7510 frimble the Carver (level 11, 0/129 HPs)
             Began as a Gnoll Reaver on May 17, 2023.
             Was a Believer of Cheibriados.
             Slain by a killer bee (2 damage)
             ... on level 9 of the Dungeon.
             The game lasted 00:20:11 (8674 turns).

frimble the Carver (Gnoll Reaver)                   Turns: 8674, Time: 00:20:12

Health: 0/129      AC: 25    Str: 15    XL:     11   Next: 16%
Magic:  6/23       EV:  2    Int: 21    God:    Cheibriados [**....]
Gold:   481        SH:  5    Dex: 15    Spells: 20/26 levels left

rFire   + . .        B - +2 scimitar (flame)
rCold   . . .        (no shield)
rNeg    . . .        D - melded +1 leather armour "Pyturot" {rC++ Regen+ Dex+4}
rPois   +            t - melded +0 helmet
rElec   .            I - melded +2 cloak {Stlth+}
rCorr   +            (gloves currently unavailable)
SInv    .            l - melded +1 pair of boots
Will    .....        q - amulet of reflection
Stlth   +++          e - ring of resist corrosion
HPRegen 0.41/turn    E - ring of protection from fire
MPRegen 0.18/turn

%: reflection
@: lethally poisoned (0 -> -1), tree-form, very slow
A: stationary, stasis, torment immunity, boosted hp, (fangs 1), strong nose,
distributed training
a: Renounce Religion, Bend Time


You were on level 9 of the Dungeon.
You worshipped Cheibriados.
Cheibriados was pleased with you.
You were a tree.
You visited 2 branches of the dungeon, and saw 10 of its levels.

You collected 481 gold pieces.

Inventory:

Hand Weapons
 a - a +1 falchion
 b - a +0 sling
 B - a +2 scimitar of flaming (weapon)
Missiles
 F - a throwing net
Armour
 k - a +0 kite shield
 l - a +1 pair of boots (melded)
 t - a +0 helmet (melded)
 C - a +1 robe of cold resistance
 D - the +1 leather armour "Pyturot" (melded) {rC++ Regen+ Dex+4}
   (You found it on level 4 of the Dungeon)

   Dex:       It affects your dexterity (+4).
   rC:        It greatly protects you from cold.
   Regen:     It increases your rate of health regeneration.
 I - a +2 cloak of stealth (melded)
Jewellery
 d - an amulet of magic regeneration
 e - a ring of resist corrosion (left branch)
 h - a ring of ice
 q - an amulet of reflection (around neck)
 v - an amulet of the acrobat
 E - a ring of protection from fire (right branch)
 G - a +6 ring of intelligence
 M - a ring of poison resistance
Wands
 w - a wand of digging (8)
 y - a wand of iceblast (6)
 H - a wand of charming (8)
Scrolls
 f - 2 scrolls of fear
 i - 2 scrolls of teleportation
 A - 5 scrolls of blinking
 L - a scroll of torment
Potions
 c - 2 potions of cancellation {unknown}
 g - 4 potions of attraction {unknown}
 j - a potion of degeneration {unknown}
 m - 2 potions of curing
 n - 2 potions of flight
 p - a potion of brilliance
 s - 7 potions of mutation {unknown}
 u - 4 potions of might
 x - a potion of lignification
 z - 2 potions of magic


   Skills:
 + Level 7.8 Fighting
 + Level 6.2 Short Blades
 + Level 9.1 Long Blades
 + Level 6.2 Axes
 + Level 6.2 Maces & Flails
 + Level 6.2 Polearms
 + Level 6.2 Staves
 + Level 6.2 Ranged Weapons
 + Level 6.2 Throwing
 + Level 6.2 Armour
 + Level 7.8 Dodging
 + Level 6.2 Stealth
 + Level 6.2 Shields
 + Level 6.2 Unarmed Combat
 + Level 8.1 Spellcasting
 + Level 7.6 Conjurations
 + Level 5.1 Hexes
 + Level 5.1 Summonings
 + Level 5.1 Necromancy
 + Level 5.1 Translocations
 + Level 5.1 Transmutations
 + Level 5.1 Fire Magic
 + Level 5.1 Ice Magic
 + Level 5.1 Air Magic
 + Level 5.1 Earth Magic
 + Level 5.1 Poison Magic
 + Level 6.8 Invocations
 + Level 6.2 Evocations


You had 20 spell levels left.
You knew the following spells:

 Your Spells              Type           Power      Damage    Failure   Level
a - Kiss of Death         Conj/Necr      100%       2d13      1%          1
b - Passwall              Tmut/Erth      25%        N/A       1%          2
c - Hailstorm             Conj/Ice       35%        3d9       1%          3

Your spell library contained the following spells:

 Spells                   Type           Power      Damage    Failure   Level
 Necrotise                Necr           100%       1d9       1%          1
 Slow                     Hex            100%       N/A       1%          1
 Ensorcelled Hibernation  Hex/Ice        60%        N/A       1%          2
 Momentum Strike          Conj/Tloc      70%        3d9       1%          2
 Dazzling Flash           Conj/Hex       70%        N/A       1%          3
 Confusing Touch          Hex            30%        N/A       2%          3
 Spider Form              Tmut/Pois      30%        N/A       2%          3
 Swiftness                Air            30%        N/A       2%          3
 Vampiric Draining        Necr           30%        2d8       2%          3
 Volatile Blastmotes      Fire/Tloc      60%        2d15      2%          3
 Iskenderun's Mystic Bla  Conj/Tloc      35%        2d8       5%          4
 Anguish                  Hex/Necr       15%        N/A       10%         4
 Agony                    Necr           30%        N/A       26%         5
 Starburst                Conj/Fire      17%        6d6       65%         6


Dungeon Overview and Level Annotations

Branches:
Dungeon (9/15)             Temple (1/1) D:7
   Lair: D:8-11         Orc: D:9-12

Altars:
Ashenzari
Cheibriados
Dithmenos
Elyvilon
Hepliaklqana
Kikubaaqudgha
Makhleb
Nemelex Xobeh
Okawaru
Qazlal
Ru
Sif Muna
Trog
Uskayaw
Vehumet
Wu Jian
Xom
Yredelemnul
Zin
The Shining One

Shops:
D:2 :

Annotations:
D:3 dig
D:7 3 runed translucent doors, Sleet's ghost, novice DsMo


Innate Abilities, Weirdness & Mutations

You are a tree.
Your roots penetrate the ground, keeping you stationary.
You cannot be teleported.
You are immune to unholy pain and torment.
Your maximum health is greatly increased.
Your equipment is partially melded.
((You have very sharp teeth.))
Your uncanny sense of smell can sniff out nearby items.
Your experience applies equally to all skills.


Message History

Things that are here:
a +5 great sword; a +0 robe Really quaff the potion of lignification?
You turn into a tree.
Your +2 cloak of stealth melds into your body.
Your +0 helmet melds into your body.
Your +1 pair of boots melds into your body.
The +1 leather armour "Pyturot" {rC++ Regen+ Dex+4} melds into your body.
You feel less stealthy.
Your roots penetrate the ground.
You feel sick. You block the killer bee's attack.
The killer bee stings you but does no damage.
You slash the killer bee! You burn the killer bee.
You kill the killer bee!
Cheibriados thoroughly appreciates the change of pace.
You feel sick.
The killer bee stings you but does no damage.
You miss the killer bee.
You feel sick.
The killer bee stings you but does no damage. x2
You miss the killer bee.
You feel sick.
The killer bee stings you but does no damage. x2
You miss the killer bee. Your punch misses the killer bee.
You feel sick.
The killer bee stings you but does no damage. x2
You miss the killer bee.
You feel sick.
The killer bee stings you but does no damage.
The killer bee stings you.
* * * LOW HITPOINT WARNING * * *
You hit the killer bee but do no damage.
The killer bee stings you!
* * * LOW HITPOINT WARNING * * *
The killer bee stings you.
* * * LOW HITPOINT WARNING * * *
You slash the killer bee! You burn the killer bee.
The killer bee is severely wounded.
You feel sick. The killer bee stings you.
* * * LOW HITPOINT WARNING * * *
You miss the killer bee.
The killer bee is severely wounded.
* * * LOW HITPOINT WARNING * * *
You feel sick. The killer bee stings you.
You die...

########### #......#
#<..<.....# #....>.#
#.........+ #......#
#..).>....# #......#
#..)).....# #......#
###..÷).....# #......#
#.'.........#
.##.....y###.#.........#
.......yyy♣..#.........#
##.....y#####.........#
#.....†# #.........#
#####.#### ####+##.###
#..††..# .# #+##.†#...≈.
∆∆ .†... ... ∆ y....## P
yy+.#..


You could see 5 killer bees.

Vanquished Creatures
  A hydra (D:9)
  Pikel (D:5)
  2 cyclopes (D:8)
  Maggie (D:7)
  An efreet (D:8)
  A queen bee (D:9)
  A hornet (D:7)
  A wraith (D:9)
  A wyvern (D:8)
  A steam dragon (D:8)
  Edmund (D:5)
  A water moccasin (D:8)
  Duvessa (D:4)
  4 orc warriors
  2 ice beasts
  4 ogres
  A black bear (D:8)
  A centaur (D:7)
  A lemure (D:5)
  A phantom (D:4)
  2 kobold brigands (D:8)
  A bullfrog (D:6)
  2 gnoll sergeants (D:6)
  4 scorpions
  8 wights
  Dowan (D:4)
  15 killer bees (D:9)
  4 jellies
  6 hounds
  5 orc priests
  Crazy Yiuf (D:6)
  4 iguanas
  A sleepcap (D:5)
  Ijyb (D:4)
  5 orc wizards
  Robin (D:4)
  6 adders
  12 gnolls
  A shadow imp (D:8)
  4 white imps
  A worm (D:3)
  3 dart slugs
  19 orcs
  6 ball pythons
  3 bats
  6 endoplasms
  4 giant cockroaches
  20 goblins
  12 hobgoblins
  9 jackals
  4 quokkas
  A frilled lizard (D:1)
  14 kobolds
  5 rats
219 creatures vanquished.

Vanquished Creatures (collateral kills)
  3 killer bees (D:9)
3 creatures vanquished.

Vanquished Creatures (others)
  A killer bee (D:9)
1 creature vanquished.

Grand Total: 223 creatures vanquished

Notes
Turn   | Place    | Note
-------+----------+-------------------------------------------
     0 | D:1      | frimble the Gnoll Reaver began the quest for the Orb.
     0 | D:1      | Reached XP level 1. HP: 20/20 MP: 6/6
     9 | D:1      | Reached XP level 2. HP: 14/25 MP: 5/7
   366 | D:1      | Reached skill level 5 in Spellcasting
   366 | D:1      | Reached XP level 3. HP: 18/24 MP: 7/9
   607 | D:1      | Reached skill level 1 in Invocations
   664 | D:1      | Found a faded altar of an unknown god.
  1161 | D:2      | Reached skill level 1 in Short Blades
  1161 | D:2      | Reached skill level 1 in Axes
  1161 | D:2      | Reached skill level 1 in Maces & Flails
  1161 | D:2      | Reached skill level 1 in Polearms
  1161 | D:2      | Reached skill level 1 in Staves
  1161 | D:2      | Reached skill level 1 in Ranged Weapons
  1161 | D:2      | Reached skill level 1 in Throwing
  1161 | D:2      | Reached skill level 1 in Armour
  1161 | D:2      | Reached skill level 1 in Stealth
  1161 | D:2      | Reached skill level 1 in Shields
  1161 | D:2      | Reached skill level 1 in Unarmed Combat
  1161 | D:2      | Reached skill level 1 in Evocations
  1188 | D:2      | Reached XP level 4. HP: 31/34 MP: 11/11
  1218 | D:2      | Found Jenit's Vocational Training.
  1415 | D:2      | Reached skill level 1 in Hexes
  1415 | D:2      | Reached skill level 1 in Summonings
  1415 | D:2      | Reached skill level 1 in Necromancy
  1415 | D:2      | Reached skill level 1 in Translocations
  1415 | D:2      | Reached skill level 1 in Transmutations
  1415 | D:2      | Reached skill level 1 in Fire Magic
  1415 | D:2      | Reached skill level 1 in Ice Magic
  1415 | D:2      | Reached skill level 1 in Air Magic
  1415 | D:2      | Reached skill level 1 in Earth Magic
  1415 | D:2      | Reached skill level 1 in Poison Magic
  1522 | D:2      | Found a hide-covered altar of Uskayaw.
  2031 | D:3      | Found an iron altar of Okawaru.
  2099 | D:3      | Learned a level 2 spell: Passwall
  2479 | D:4      | Reached XP level 5. HP: 37/39 MP: 12/12
  2675 | D:4      | Noticed Robin
  2720 | D:4      | Killed Robin
  3046 | D:4      | Noticed Ijyb
  3053 | D:4      | Killed Ijyb
  3054 | D:4      | Noticed Dowan
  3085 | D:5      | Entered Level 5 of the Dungeon
  3087 | D:5      | Reached XP level 6. HP: 28/28 MP: 13/13
  3115 | D:5      | Reached skill level 5 in Fighting
  3115 | D:5      | Reached skill level 5 in Dodging
  3271 | D:4      | Noticed Duvessa
  3298 | D:5      | Learned a level 3 spell: Hailstorm
  3495 | D:5      | Found a glowing golden altar of the Shining One.
  3507 | D:5      | Noticed Pikel
  3526 | D:5      | HP: 1/35 [Pikel/+1 whip of flaming (4)]
  3527 | D:5      | Killed Pikel
  3528 | D:5      | Reached skill level 7 in Long Blades
  3528 | D:5      | Reached XP level 7. HP: 1/56 MP: 13/15
  3883 | D:5      | Found a hazy altar of Hepliaklqana.
  3904 | D:5      | Noticed Edmund
  4024 | D:4      | Reached XP level 8. HP: 32/63 MP: 16/16
  4140 | D:4      | Identified the +1 leather armour "Pyturot" {rC++ Regen+
                  | Dex+4}
  4211 | D:4      | Killed Duvessa
  4224 | D:4      | Killed Dowan
  4515 | D:5      | Killed Edmund
  4640 | D:5      | Found a shimmering altar of Xom.
  4810 | D:5      | Reached XP level 9. HP: 69/69 MP: 18/18
  5576 | D:6      | Found a glowing silver altar of Zin.
  5737 | D:6      | Found a runed translucent door.
  5738 | D:6      | Noticed Crazy Yiuf
  5755 | D:6      | Killed Crazy Yiuf
  5756 | D:6      | Reached skill level 8 in Long Blades
  5871 | D:7      | Reached skill level 5 in Invocations
  6038 | D:7      | Noticed Maggie
  6045 | D:7      | Killed Maggie
  6163 | D:7      | Found an ancient bone altar of Kikubaaqudgha.
  6534 | D:7      | Found a runed translucent gate.
  6534 | D:7      | Found a runed translucent gate.
  6535 | D:7      | Found a runed translucent gate.
  6536 | D:7      | Noticed Sleet's ghost (novice DsMo)
  6562 | D:7      | Reached skill level 5 in Short Blades
  6562 | D:7      | Reached skill level 5 in Axes
  6562 | D:7      | Reached skill level 5 in Maces & Flails
  6562 | D:7      | Reached skill level 5 in Polearms
  6562 | D:7      | Reached skill level 5 in Staves
  6562 | D:7      | Reached skill level 5 in Ranged Weapons
  6562 | D:7      | Reached skill level 5 in Throwing
  6562 | D:7      | Reached skill level 5 in Armour
  6562 | D:7      | Reached skill level 5 in Stealth
  6562 | D:7      | Reached skill level 5 in Shields
  6562 | D:7      | Reached skill level 5 in Unarmed Combat
  6562 | D:7      | Reached skill level 5 in Evocations
  6562 | D:7      | Reached XP level 10. HP: 71/77 MP: 20/20
  6648 | D:7      | Found a staircase to the Ecumenical Temple.
  6821 | Temple   | Entered the Ecumenical Temple
  6943 | Temple   | Became a worshipper of Cheibriados the Contemplative
  7350 | D:8      | Noticed a cyclops
  7629 | D:8      | Noticed a cyclops
  7741 | D:8      | Killed a cyclops
  7880 | D:8      | Killed a cyclops
  8469 | D:9      | Noticed an eight-headed hydra
  8476 | D:9      | Killed a four-headed hydra
  8544 | D:9      | Reached * piety under Cheibriados
  8545 | D:9      | Reached skill level 9 in Long Blades
  8555 | D:9      | Reached skill level 5 in Hexes
  8555 | D:9      | Reached skill level 5 in Summonings
  8555 | D:9      | Reached skill level 5 in Necromancy
  8555 | D:9      | Reached skill level 5 in Translocations
  8555 | D:9      | Reached skill level 5 in Transmutations
  8555 | D:9      | Reached skill level 5 in Fire Magic
  8555 | D:9      | Reached skill level 5 in Ice Magic
  8555 | D:9      | Reached skill level 5 in Air Magic
  8555 | D:9      | Reached skill level 5 in Earth Magic
  8555 | D:9      | Reached skill level 5 in Poison Magic
  8559 | D:9      | Reached XP level 11. HP: 85/85 MP: 10/22
  8647 | D:9      | Reached ** piety under Cheibriados
  8673 | D:9      | HP: 6/129 [poisoned by a killer bee]
  8673 | D:9      | HP: 2/129 [killer bee (4)]
  8674 | D:9      | Slain by a killer bee

Illustrated notes

Levels and vault maps discovered:
D:1:      scummos_arrival_forest, layout_rooms,
          chequers_ecumenical_altar_simple_redux, minmay_misc_feat_roman,
          nicolae_titane
D:2:      layout_basic, basic_altar, nicolae_shop_vocational
D:3:      layout_loops_ring, overflow_temple_1_default, item_on_display_a
D:4:      layout_cave_pools, serial_park, serial_park_tiny_2,
          serial_park_avenue1, serial_park_square2, serial_park_square3
          [serial_park_minivault_5x5_5], uniq_robin, uniq_ijyb, uniq_duvessa
D:5:      layout_basic, mainiacjoe_overflow_catwalk, xom_confusion_cloud,
          nzn_hepliaklqana_mist_gate, serial_park_tiny_2, uniq_pikel,
          uniq_edmund
D:6:      layout_gridville, mainiacjoe_overflow_alcove_2,
          uniq_crazy_yiuf_cottage
D:7:      minmay_spotlight, layout_basic, overflow_temple_1_default,
          temple_hall, gammafunk_ghost_split, chequers_garden,
          kennysheep_generic_room_11, uniq_maggie
D:8:      minmay_opposing_rooms, layout_basic, chequers_serial_rivers_large_a
D:9:      layout_roguey [special_room_bee], grunt_gozag_breadcrumbs,
          dpeg_oklobed_lair, serial_shops, kennysheep_little_box, uniq_psyche
Temple:   jpeg_temple_clearing

Skill      XL: |  1  2  3  4  5  6  7  8  9 10 11 |
---------------+----------------------------------+-----
Spellcasting   | 5 6 7 8 |  8.1
Invocations    | 1 2 3 4 5 6 |  6.8
Short Blades   | 1 2 3 5 6 |  6.2
Axes           | 1 2 3 5 6 |  6.2
Maces & Flails | 1 2 3 5 6 |  6.2
Polearms       | 1 2 3 5 6 |  6.2
Staves         | 1 2 3 5 6 |  6.2
Ranged Weapons | 1 2 3 5 6 |  6.2
Throwing       | 1 2 3 5 6 |  6.2
Armour         | 1 2 3 5 6 |  6.2
Stealth        | 1 2 3 5 6 |  6.2
Shields        | 1 2 3 5 6 |  6.2
Unarmed Combat | 1 2 3 5 6 |  6.2
Evocations     | 1 2 3 5 6 |  6.2
Hexes          | 1 2 3 4 5 |  5.1
Summonings     | 1 2 3 4 5 |  5.1
Necromancy     | 1 2 3 4 5 |  5.1
Translocations | 1 2 3 4 5 |  5.1
Transmutations | 1 2 3 4 5 |  5.1
Fire Magic     | 1 2 3 4 5 |  5.1
Ice Magic      | 1 2 3 4 5 |  5.1
Air Magic      | 1 2 3 4 5 |  5.1
Earth Magic    | 1 2 3 4 5 |  5.1
Poison Magic   | 1 2 3 4 5 |  5.1
Fighting       | 5 6 7 |  7.8
Dodging        | 5 6 7 |  7.8
Long Blades    | 7 8 9 |  9.1
Conjurations   | 6 7 |  7.6

Action                     |  1- 3 |  4- 6 |  7- 9 | 10-12 || total
---------------------------+-------+-------+-------+-------++-------
  Melee: Falchion          |    92 |   263 |   245 |       ||   600
         Bite              |     9 |    23 |    32 |    19 ||    83
         Punch             |     2 |     4 |     5 |     6 ||    17
         Scimitar          |       |       |    31 |   142 ||   173
   Fire: Sling             |       |     8 |     1 |       ||     9
   Cast: Kiss of Death     |     3 |     6 |     2 |       ||    11
         Passwall          |       |       |     3 |       ||     3
         Hailstorm         |       |       |    37 |    23 ||    60
  Evoke: Wand              |       |     5 |     9 |     1 ||    15
    Use: Scroll            |       |     9 |     2 |     7 ||    18
         Potion            |       |     1 |       |     5 ||     6
   Stab: Sleeping          |     1 |     1 |     3 |     1 ||     6
         Invisible         |       |     3 |       |       ||     3
         Distracted        |       |       |     1 |     2 ||     3
 Armour: Leather armour    |    29 |    90 |    36 |    63 ||   218
         Robe              |       |       |     6 |       ||     6
         Skin              |       |       |       |     9 ||     9
  Dodge: Dodged            |    59 |   180 |   115 |   178 ||   532
  Block: Other             |     3 |    69 |    57 |    39 ||   168
         Reflection        |       |     2 |     3 |     2 ||     7

Table legend: (Time is in decaauts)
 A = Elapsed time spent in this place.
 B = Non-inter-level travel time spent in this place.
 C = Inter-level travel time spent in this place.
 D = Time resting spent in this place.
 E = Time spent auto-exploring this place.
 F = Levels seen in this place.
 G = Mean time per level.
                   A        B        C        D        E       F      G
               +--------+--------+--------+--------+--------+-----+--------+
         Total |   9045 |   8540 |    505 |    200 |   6381 |  10 |  904.5 |
       Dungeon |   8903 |   8444 |    459 |    200 |   6298 |   9 |  989.2 |
        Temple |    141 |     96 |     45 |      0 |     83 |   1 |  141.0 |
               +--------+--------+--------+--------+--------+-----+--------+

Top non-repeatable levels by time:
     D:8: 1810 daAuts
     D:5: 1363 daAuts
     D:4: 1124 daAuts
     D:7: 1081 daAuts
     D:1: 943 daAuts
     D:3: 888 daAuts
     D:6: 799 daAuts
     D:2: 675 daAuts
     D:9: 217 daAuts
  Temple: 141 daAuts
